 Dungeon Crawl Stone Soup version 0.28.0 (webtiles) character file.

Game seed: 14386718276765349190

2471 Roflanpepe the Thaumaturge (level 9, 0/39 HPs)
             Began as a Vine Stalker Summoner on Feb 16, 2022.
             Was a Follower of Dithmenos.
             Slain by a hornet (9 damage)
             ... on level 6 of the Dungeon on Feb 17, 2022.
             The game lasted 01:14:20 (7872 turns).

Roflanpepe the Thaumaturge (Vine Stalker Summoner)  Turns: 7872, Time: 01:14:21

Health: 0/39       AC:  9    Str: 10    XL:     9   Next: 51%
Magic:  0/22       EV: 19    Int: 19    God:    Dithmenos [*.....]
Gold:   393        SH:  0    Dex: 21    Spells: 15/24 levels left

rFire   + . .      SeeInvis +   C - +6 mace of Mastery {vorpal, Dex+5}
rCold   + + .      Faith    .   (no shield)
rNeg    . . .      Spirit   +   x - +2 robe
rPois   +          Reflect  .   k - +0 helmet {SInv}
rElec   +          Harm     .   (no cloak)
rCorr   +          Rampage  .   f - +0 pair of gloves
Will    +....                   l - +2 pair of boots
Stlth   +++++.....              (no amulet)
HPRegen 0.93/turn               j - +4 ring of evasion
MPRegen 0.18/turn               D - ring of protection from cold

@: lethally poisoned (0 -> -1), resistant, slowed, wreathed by umbra, very slow
A: fangs 3, regeneration 1, magic shield, antimagic bite, no potion heal 2
a: Renounce Religion


You were on level 6 of the Dungeon.
You worshipped Dithmenos.
Dithmenos was aware of your devotion.
You visited 2 branches of the dungeon, and saw 8 of its levels.

You collected 393 gold pieces.

Inventory:

Hand Weapons
 b - a +1 dagger
 w - a +2 whip of flaming
 B - a +2 quarterstaff of chaos
 C - the +6 mace of Mastery (weapon) {vorpal, Dex+5}
   (You found it on level 5 of the Dungeon)

   It inflicts extra damage upon your enemies.
   Dex:       It affects your dexterity (+5).
Armour
 a - a +0 robe
 f - a +0 pair of gloves (worn)
 h - a +0 pair of boots
 k - a +0 helmet of see invisible (worn)
 l - a +2 pair of boots (worn)
 x - a +2 robe (worn)
Magical Staves
 E - a staff of fire
Jewellery
 j - a +4 ring of evasion (left hand)
 o - an amulet of faith
 D - a ring of protection from cold (right hand)
Wands
 v - a wand of flame (13)
Scrolls
 c - 2 scrolls of magic mapping
 e - 2 scrolls of vulnerability
 n - 2 scrolls of teleportation {unknown}
 p - 3 scrolls of enchant weapon
 y - a scroll of fog {unknown}
 A - a scroll of identify
Potions
 d - a potion of heal wounds {unknown}
 g - 3 potions of might
 m - a potion of degeneration {unknown}
 q - a potion of invisibility {unknown}
 r - a potion of ambrosia
 s - 2 potions of brilliance
 t - a potion of attraction {unknown}
 u - a potion of berserk rage {unknown}
 z - a potion of curing {unknown}


   Skills:
 + Level 4.9 Dodging
 + Level 7.8 Stealth
 * Level 8.1 Spellcasting
 + Level 6.9 Summonings


You had 15 spell levels left.
You knew the following spells:

 Your Spells              Type           Power      Damage    Failure   Level
a - Summon Small Mammal   Summ           100%       N/A       1%          1
b - Call Imp              Summ           34%        N/A       1%          2
c - Call Canine Familiar  Summ           34%        N/A       1%          3
d - Summon Guardian Gole  Hex/Summ       20%        N/A       6%          3

Your spell library contained the following spells:

 Spells                   Type           Power      Damage    Failure   Level
 Corpse Rot               Necr/Air       14%        N/A       14%         2
 Poisonous Vapours        Pois/Air       14%        N/A       14%         2
 Summon Lightning Spire   Summ/Air       20%        N/A       22%         4


Dungeon Overview and Level Annotations

Branches:
Dungeon (7/15)             Temple (1/1) D:4

Altars:
Ashenzari
Cheibriados
Dithmenos
Elyvilon
Fedhas
Gozag
Kikubaaqudgha
Makhleb
Okawaru
Sif Muna
Trog
Vehumet
Xom
Zin
The Shining One

Shops:
D:1 ([


Innate Abilities, Weirdness & Mutations

You have razor-sharp teeth.
Your natural rate of healing is unusually fast.
When hurt, damage is shared between your health and your magic reserves.
Your bite disrupts and absorbs the magic of your enemies.
Potions cannot restore your health.


Message History

The hornet closely misses you. The hornet barely misses you.
Casting: Call Canine Familiar (safe; 1% risk of failure)
Confirm with . or Enter, or press ? or * to list all spells.
A beastly little devil appears in a puff of frigid air.
The hornet completely misses you.
Casting: Call Imp (safe; 1% risk of failure)
Confirm with . or Enter, or press ? or * to list all spells.
The hornet misses you.
The hornet stings you but does no damage.
What are your orders? t - Shout!
Orders for allies: a - Attack new target. p - Attack previous target. r - Retreat! s - Stop attacking. g - Guard the area. f - Follow me.
Anything else - Cancel.
Gang up on whom?
Press: ? - help, Dir - move target, f/p - hornet
Aim: a hornet (ally target, umbra) Attack!
The hornet stings you.
You are poisoned.
You suddenly lose the ability to move!
You feel sick. The hornet stings you.
You feel yourself slow down.
Your hound bites the hornet but does no damage.
Your white imp misses the hornet.
The hornet stings you!
You feel as though you will be slow longer.
Your hound misses the hornet.
You feel sick. The hornet completely misses you.
Your white imp closely misses the hornet.
Your hound bites the hornet but does no damage.
You can move again.
You feel sick.
Your hound misses the hornet.
Your white imp barely misses the hornet.
The hornet misses you.
Your hound closely misses the hornet.
Your white imp hits the hornet but does no damage.
The hornet stings you!
* * * LOW HITPOINT WARNING * * *
You feel as though you will be slow longer.
You feel protected.
You feel sick.
Your hound barely misses the hornet.
The hornet stings you!
You die...

.......................#
.#####.................#
.#####.................#
.......................#
....##.................#
..#....................#
#.#..##..........#######
#.................##
...#.......(....@..#
..###...........yh.#
...#....>#.....5...#
.#.#>#.#.#.........#
[>.................#
...#...###.<.......#
(..#...###.........#
........##.........#
....#...##.........#


You could see a hornet (ally target), a friendly hound (summoned) and a friendly
white imp (summoned).

Vanquished Creatures
  A sky beast (D:6)
  A black bear (D:7)
  A bullfrog (D:7)
  A howler monkey (D:6)
  A bullfrog zombie (D:5)
  An orc priest (D:7)
  An iguana (D:4)
  An orc wizard (D:7)
  A gnoll (D:7)
  2 adders
  A bat zombie (D:3)
  2 jackals (D:2)
  A quokka (D:2)
  4 bats
  A frilled lizard (D:3)
  A kobold (D:1)
  3 rats
24 creatures vanquished.

Vanquished Creatures (collateral kills)
  Sigmund (D:5)
  A shadow (D:4)
  Eustachio (D:6)
  A steam dragon (D:6)
  2 ogres (D:5)
  A lemure (D:5)
  A scorpion (D:6)
  2 howler monkeys (D:7)
  A hound (D:4)
  A centaur skeleton (D:6)
  2 iguanas
  2 bullfrog skeletons
  A scorpion zombie (D:5)
  An orc wizard (D:6)
  A hound skeleton (D:4)
  A howler monkey zombie (D:6)
  6 gnolls
  2 adders
  An ufetubus (D:5)
  2 adder skeletons
  A worm (D:4)
  A dart slug (D:4)
  7 orcs
  4 ball pythons
  A bat zombie (D:3)
  8 endoplasms
  4 goblins
  8 hobgoblins
  3 quokkas
  A bat (D:1)
  3 frilled lizards
  6 kobolds
  4 rats
82 creatures vanquished.

Vanquished Creatures (others)
  Pikel (D:5)
  An ice beast (D:6)
  Blork the orc (D:5)
  A water moccasin skeleton (D:5)
  A howler monkey (D:5)
  A jelly (D:5)
  Crazy Yiuf (D:5)
  2 gnolls (D:5)
  2 plants
11 creatures vanquished.

Grand Total: 117 creatures vanquished

Notes
Turn   | Place    | Note
-------+----------+-------------------------------------------
     0 | D:1      | Roflanpepe the Vine Stalker Summoner began the quest for
                  | the Orb.
     0 | D:1      | Reached XP level 1. HP: 9/9 MP: 4/4
   349 | D:1      | Reached XP level 2. HP: 10/13 MP: 1/6
   408 | D:1      | Learned a level 2 spell: Call Imp
   802 | D:1      | Found Yliyhiebb's Antique Armour Shoppe.
  1017 | D:1      | Found Viti's Weapon Boutique.
  1591 | D:2      | Reached XP level 3. HP: 16/16 MP: 7/7
  1924 | D:2      | Learned a level 3 spell: Call Canine Familiar
  2942 | D:3      | Found a white marble altar of Elyvilon.
  2948 | D:3      | Found a shadowy altar of Dithmenos.
  2948 | D:3      | Found a glowing silver altar of Zin.
  3181 | D:3      | Found an ancient bone altar of Kikubaaqudgha.
  3426 | D:3      | Gained mutation: Your natural rate of healing is unusually
                  | fast. [Vine Stalker growth]
  3426 | D:3      | Reached XP level 4. HP: 21/21 MP: 2/9
  3692 | D:4      | Reached skill level 3 in Spellcasting
  3881 | D:4      | Reached XP level 5. HP: 24/24 MP: 2/11
  4090 | D:4      | Found a staircase to the Ecumenical Temple.
  4099 | Temple   | Entered the Ecumenical Temple
  4396 | D:3      | Became a worshipper of Dithmenos the Shadowed
  4503 | D:4      | Found a glowing golden altar of the Shining One.
  4841 | D:4      | Learned a level 3 spell: Summon Guardian Golem
  5083 | D:5      | Entered Level 5 of the Dungeon
  5113 | D:5      | Noticed Sigmund
  5156 | D:5      | Killed Sigmund
  5157 | D:5      | Reached skill level 4 in Spellcasting
  5157 | D:5      | Reached skill level 5 in Summonings
  5157 | D:5      | Reached XP level 6. HP: 28/28 MP: 5/13
  5260 | D:5      | Reached XP level 7. HP: 22/32 MP: 2/15
  5288 | D:5      | Noticed a shadow
  5551 | D:5      | Noticed Blork the orc
  5584 | D:5      | Killed Blork the orc
  5585 | D:5      | Reached skill level 5 in Stealth
  5697 | D:5      | Found a shimmering blue altar of Sif Muna.
  5803 | D:5      | Noticed Pikel
  5844 | D:5      | Killed Pikel
  5845 | D:5      | Reached skill level 6 in Spellcasting
  5845 | D:5      | Gained mutation: You have razor-sharp teeth. [Vine Stalker
                  | growth]
  5845 | D:5      | Reached XP level 8. HP: 36/36 MP: 6/18
  6248 | D:4      | Killed a shadow
  6838 | D:5      | Found a runed translucent door.
  6839 | D:5      | Noticed Crazy Yiuf
  6864 | D:5      | Killed Crazy Yiuf
  7024 | D:5      | Identified the +6 mace of Mastery {vorpal, Dex+5}
  7120 | D:6      | Reached skill level 7 in Spellcasting
  7126 | D:6      | Reached * piety under Dithmenos
  7156 | D:6      | Noticed Eustachio
  7191 | D:6      | Reached XP level 9. HP: 39/39 MP: 11/21
  7512 | D:6      | Killed Eustachio
  7796 | D:7      | Reached skill level 8 in Spellcasting
  7818 | D:7      | Noticed a hornet
  7868 | D:6      | Paralysed by a hornet for 3 turns
  7872 | D:6      | Slain by a hornet

Illustrated notes

Levels and vault maps discovered:
D:1:      erik_arrival_blinker_ship, layout_loops_ring, serial_shops,
          nicolae_shop_bloodbath_and_beyond, shop, kennysheep_pointless_box,
          serial_bayou_ford_a, minmay_split_cup_small
D:2:      layout_loops_ring
D:3:      layout_loops_cross, lemuel_zombie_altar_kikubaaqudgha, minitemple,
          serial_forest, infiniplex_forest_lined_3,
          infiniplex_forest_straight_3, infiniplex_forest_diagonal,
          infiniplex_forest_straight_2, infiniplex_forest_clump_tiny,
          infiniplex_forest_straight_3, infiniplex_forest_end_3,
          infiniplex_forest_straight_2, infiniplex_forest_end_2
D:4:      layout_cave_pods, lemuel_crystal_altar, temple_green
D:5:      layout_loops_ring, mainiacjoe_overflow_alcove_4,
          kennysheep_generic_room_15, uniq_blork_the_orc,
          uniq_crazy_yiuf_cottage, uniq_sigmund, uniq_pikel
D:6:      layout_rooms, hex_tiny, uniq_eustachio
D:7:      layout_basic, mainiacjoe_overflow_six_doors_small,
          nicolae_yredelemnul_corpse_copse, hangedman_ru_absence
Temple:   kb_temple_of_zot

Skill      XL: |  1  2  3  4  5  6  7  8  9 |
---------------+----------------------------+-----
Stealth        | 3 4 6 7 |  7.8
Dodging        | 2 3 4 |  4.9
Spellcasting   | 3 4 6 7 8 |  8.1
Summonings     | 5 6 |  6.9

Action                   |  1- 3 |  4- 6 |  7- 9 || total
-------------------------+-------+-------+-------++-------
Melee: Dagger            |    53 |       |     9 ||    62
       Bite              |    11 |       |    12 ||    23
       Unarmed           |     2 |       |       ||     2
       Whip              |       |       |     7 ||     7
       Mace              |       |       |    30 ||    30
 Cast: Summon Small Mamm |    26 |     1 |    10 ||    37
       Call Imp          |    22 |    13 |    24 ||    59
       Call Canine Famil |     7 |    12 |    29 ||    48
       Summon Guardian G |       |     2 |    15 ||    17
Evoke: Wand              |       |       |     1 ||     1
  Use: Scroll            |    10 |     1 |     2 ||    13
       Potion            |       |       |     2 ||     2
 Stab: Distracted        |       |       |     2 ||     2
Armor: Robe              |    34 |     2 |    31 ||    67
Dodge: Dodged            |    82 |    12 |   150 ||   244
